 Dungeon Crawl Stone Soup version 0.20-a0-1065-g8446734 (webtiles) character file.

3677 JiminyCricket the Fighter (level 9, -6/89 HPs)
             Began as a Minotaur Berserker on Apr 28, 2017.
             Was an Elder of Trog.
             Killed by divine providence
             ... invoked by an orc priest
             ... summoned by an orange crystal statue
              (13 damage)
             ... on level 7 of the Dungeon.
             The game lasted 00:30:09 (7625 turns).

JiminyCricket the Fighter (Minotaur Berserker)      Turns: 7625, Time: 00:30:09

Health: -6/89      AC: 13    Str: 25      XL:     9   Next: 89%
Magic:  0/8        EV:  6    Int:  1 (7)  God:    Trog [****..]
Gold:   352        SH:  0    Dex: 14      Spells: 8/8 levels left

rFire    . . .     SeeInvis .   w - +11 spear "Raist" {pierce, Int+3 Dex+4}
rCold    + . .     Gourm    .   p - +0 shield
rNeg     . . .     Faith    .   I - +0 plate armour
rPois    .         Spirit   +   (helmet restricted)
rElec    .         Reflect  .   y - scarf {Spirit}
rCorr    .         Harm     +   (no gloves)
MR       .....                  (no boots)
Stlth    ..........             H - amulet of harm
Regen    0.3/turn               v - ring of protection from cold
MPRegen  0.2/turn               (no ring)

@: confused, lethally poisoned (-6 -> -10), drained
A: retaliatory headbutt, horns 2
a: Berserk, Trog's Hand, Brothers in Arms, Burn Spellbooks, Renounce Religion


You were on level 7 of the Dungeon.
You worshipped Trog.
Trog was greatly pleased with you.
You were not hungry.

You visited 1 branch of the dungeon, and saw 7 of its levels.
You also visited: Sewer.

You collected 352 gold pieces.

Inventory:

Hand Weapons
 a - a +0 hand axe
 w - the +11 spear "Raist" (weapon) {pierce, Int+3 Dex+4}
   (You found it on level 4 of the Dungeon)

   It inflicts extra damage upon your enemies.
   It affects your intelligence (+3).
   It affects your dexterity (+4).
 G - a +0 battleaxe
 J - a +3 battleaxe
Armour
 p - a +0 shield (worn)
 y - a scarf of spirit shield (worn)
 I - a +0 plate armour (worn)
 K - the +10 large shield of Ignorance {rN+ Int-4}
   (You found it on level 7 of the Dungeon)

   It affects your intelligence (-4).
   It protects you from negative energy.
Jewellery
 v - a ring of protection from cold (left hand)
 H - an amulet of harm (around neck)
Wands
 s - a wand of disintegration (9/24)
 z - a wand of acid (8/15)
 D - a wand of iceblast (5/15)
Scrolls
 b - 9 scrolls of identify
 c - a scroll of teleportation {unknown}
 d - 2 scrolls of amnesia
 e - a scroll of blinking {unknown}
 f - 2 scrolls of magic mapping
 i - a scroll of fog {unknown}
 j - a scroll of enchant armour {unknown}
 m - a scroll of immolation {unknown}
 q - a scroll of remove curse {unknown}
 u - a scroll of fear
 x - a scroll of noise {unknown}
 F - a scroll of recharging {unknown}
Potions
 g - 4 potions of brilliance {unknown}
 h - 3 potions of might {unknown}
 k - 13 potions of curing {unknown}
 l - 2 potions of agility {unknown}
 n - 3 potions of flight {unknown}
 o - 4 potions of heal wounds {unknown}
 r - 2 potions of lignification {unknown}
 A - a potion of haste {unknown}
 B - 2 potions of mutation {unknown}
Books
 E - a book of Maledictions

   Spells                             Type                      Level
   a - Corona                         Hexes                        1
   b - Ensorcelled Hibernation        Hexes/Ice                    2
   c - Confuse                        Hexes                        3
   d - Tukima's Dance                 Hexes                        3
   e - Dazzling Spray                 Conjuration/Hexes            3
   Trog disapproves of the use of such an item.
Comestibles
 t - 6 fruits
 C - a bread ration


   Skills:
 * Level 11.6(11.1) Fighting
 - Level 6.6(7.7) Axes
 * Level 7.1(7.9) Polearms
 + Level 7.7(7.3) Armour
 - Level 2.1(1.8) Dodging
 + Level 4.7(4.4) Shields


You had 8 spell levels left.
You didn't know any spells.

Dungeon Overview and Level Annotations

Branches:
Dungeon (7/15)             Temple (0/1) D:7

Altars:
Cheibriados
Elyvilon
Fedhas
Okawaru
Ru
Sif Muna
Trog
Vehumet
Xom
Yredelemnul
Zin

Annotations:
D:2 Robin
D:7 1 runed door, exclusions: oklob plant and 4 orange crystal statues


Innate Abilities, Weirdness & Mutations

You reflexively headbutt those who attack you in melee.
You have a pair of horns on your head.


Message History

The orange crystal statue glitters. x2
You are more confused.
You puncture the iguana!
You kill the iguana!
The iguana's corpse dissolves into shadows!
You feel sick. The adder bites you but does no damage.
The kobold completely misses you. The kobold hits you.
* * * LOW HITPOINT WARNING * * *
The big kobold hits you with a dagger.
* * * LOW HITPOINT WARNING * * *
The worker ant bites you but does no damage.
You closely miss the kobold. Your headbutt misses the kobold.
You feel sick. The adder barely misses you.
The orange crystal statue glitters.
You are more confused.
The orange crystal statue fixes its piercing gaze on you.
Something tries to feed on your intellect!
The orc priest calls down the wrath of Beogh upon you.
Beogh smites you!
You die...

#.# #..........##.##PP♣P.P.P
####.#####..............#P.#PPPP♣
#.......##..#########.###PPP.PPP.
#.##.##.##..#8.....8#...#P♣♣P#..[
#.##.##.###.#.#...#.#..##PP#.P.))
#.##....# #.#..oo...#..##♣PPP..≈≈
#.#####.# #.+.oKKoha'...#.PP..≈≈≈
#.#####.# #.#.KaHKlo#...#.P#P.≈≈≈
#[.....(# #.#.#S@K#.#...#PPPP.≈≈≈
#######.# #.#8...K.8#...##P♣♣.≈≈≈
......#.# #.#########...#♣♣#P.≈≈≈
#####.#.###.............#PPP#..≈≈
...##.#.................#PP♣PP..≈
##.##.######.#.#.###..###.#.#PP..
##.##..######....###....#PPP#PP..
......................###PPPP#♣PP
####.....####...#######.#PPPP#P.♣


You could see 4 orange crystal statues, a hippogriff, a black bear, a big
kobold, 2 worker ants, an orc priest, an orc wizard, an adder, 3 orcs, a leopard
gecko and 5 kobolds.

Vanquished Creatures
  A hippogriff (D:7)
  Sigmund (D:2)
  Eustachio (D:4)
  A water moccasin (D:6)
  An ice beast (D:7)
  2 sky beasts
  3 orc warriors
  3 black bears
  3 ogres
  A phantom (D:7)
  2 centaurs (D:7)
  2 big kobolds (Sewer)
  A bullfrog (D:6)
  A gnoll sergeant (D:6)
  9 wights (D:7)
  A howler monkey (D:4)
  A bullfrog zombie (D:7)
  A crimson imp (D:7)
  5 hounds
  2 orc priests (D:7)
  2 jellies
  5 orc wizards
  Jessica (D:2)
  2 iguanas
  5 worker ants
  A howler monkey zombie (D:5)
  A worker ant zombie (D:7)
  9 gnolls
  13 adders
  7 river rats (Sewer)
  A shadow imp (D:5)
  3 oozes
  2 adder skeletons
  3 worms
  A dart slug (D:1)
  4 leopard geckos
  11 orcs
  12 bats
  8 giant cockroaches
  6 goblins
  4 hobgoblins
  6 jackals
  4 quokkas
  6 ball pythons
  A ball python skeleton (D:4)
  4 frilled lizards
  A jackal zombie (D:5)
  19 kobolds
  A leopard gecko skeleton (D:4)
  A quokka zombie (D:7)
  26 rats
212 creatures vanquished.

Vanquished Creatures (others)
  A goblin (D:3)
  5 fungi (D:7)
  9 plants (D:7)
  9 toadstools (D:7)
24 creatures vanquished.

Grand Total: 236 creatures vanquished

Notes
Turn   | Place    | Note
-------+----------+-------------------------------------------
     0 | D:1      | JiminyCricket the Minotaur Berserker began the quest for the Orb.
     0 | D:1      | Reached XP level 1. HP: 19/19 MP: 0/0
     2 | D:1      | Noticed a spriggan
     2 | D:1      | Noticed a demigod
     4 | D:1      | Noticed a troll
     6 | D:1      | Noticed a ghoul
     6 | D:1      | Noticed a draconian
     8 | D:1      | Noticed an octopode
    10 | D:1      | Noticed an ogre
    10 | D:1      | Noticed a naga
    12 | D:1      | Noticed a minotaur
    14 | D:1      | Noticed a vine stalker
    16 | D:1      | Noticed a halfling
    16 | D:1      | Noticed a tengu
    18 | D:1      | Noticed a centaur
    18 | D:1      | Noticed a formicid
    20 | D:1      | Noticed a felid
    20 | D:1      | Noticed a merfolk
    22 | D:1      | Noticed a human
    22 | D:1      | Noticed a dwarf
    24 | D:1      | Noticed a demonspawn
    24 | D:1      | Noticed a vampire
    26 | D:1      | Noticed an elf
    26 | D:1      | Noticed a gargoyle
   237 | D:1      | Reached skill level 4 in Fighting
   237 | D:1      | Reached XP level 2. HP: 27/27 MP: 1/1
   870 | D:2      | Reached XP level 3. HP: 34/34 MP: 2/2
   951 | D:2      | Noticed Jessica
   956 | D:2      | Killed Jessica
   984 | D:2      | Reached skill level 5 in Fighting
  1019 | D:2      | Found a basalt altar of Yredelemnul.
  1025 | D:2      | Noticed Sigmund
  1042 | D:2      | Killed Sigmund
  1042 | D:2      | Reached ** piety under Trog
  1042 | D:2      | Reached skill level 6 in Fighting
  1042 | D:2      | Reached XP level 4. HP: 32/44 MP: 3/3
  1042 | D:2      | Reached XP level 5. HP: 37/50 MP: 4/4
  1794 | D:2      | Reached skill level 5 in Axes
  1899 | D:2      | Noticed Robin
  1997 | D:3      | Found a glowing drain.
  2001 | Sewer    | Entered a sewer
  2024 | Sewer    | Reached XP level 6. HP: 51/58 MP: 5/5
  2660 | Sewer    | Reached *** piety under Trog
  2663 | Sewer    | Reached skill level 7 in Fighting
  2860 | Sewer    | Reached XP level 7. HP: 66/66 MP: 6/6
  3620 | D:3      | Found a radiant altar of Vehumet.
  4050 | D:4      | Noticed Eustachio
  4088 | D:4      | Killed Eustachio
  4088 | D:4      | Reached skill level 8 in Fighting
  4088 | D:4      | Reached skill level 5 in Armour
  4270 | D:4      | Found a sacrificial altar of Ru.
  4312 | D:4      | Got a dazzling spear
  4313 | D:4      | Identified the +11 spear "Raist" {pierce, Int+3 Dex+4} (You found it on level 4 of the Dungeon)
  4510 | D:4      | Found a snail-covered altar of Cheibriados.
  5205 | D:5      | Entered Level 5 of the Dungeon
  5225 | D:5      | Reached skill level 9 in Fighting
  5225 | D:5      | Reached XP level 8. HP: 78/78 MP: 7/7
  5453 | D:5      | Reached skill level 1 in Polearms
  5453 | D:5      | Reached skill level 1 in Shields
  5970 | D:6      | Found a glowing silver altar of Zin.
  6041 | D:6      | Reached **** piety under Trog
  6136 | D:6      | Reached skill level 10 in Fighting
  6323 | D:6      | Found an iron altar of Okawaru.
  6544 | D:7      | Reached XP level 9. HP: 86/86 MP: 8/8
  6546 | D:7      | Found a shimmering altar of Xom.
  6607 | D:7      | Reached skill level 5 in Polearms
  6618 | D:7      | Found a staircase to the Ecumenical Temple.
  6742 | D:7      | Found a bloodstained altar of Trog.
  6780 | D:7      | Reached skill level 11 in Fighting
  6936 | D:7      | Found a deep blue altar of Sif Muna.
  7068 | D:7      | Found a runed door.
  7084 | D:7      | Found a white marble altar of Elyvilon.
  7133 | D:7      | Found a runed door.
  7142 | D:7      | Noticed an orange crystal statue
  7315 | D:7      | Found a blossoming altar of Fedhas.
  7376 | D:7      | Noticed an oklob plant
  7553 | D:7      | Noticed an orange crystal statue
  7553 | D:7      | Noticed an orange crystal statue
  7553 | D:7      | Noticed an orange crystal statue
  7625 | D:7      | Killed from afar by an orc priest

Vault maps used:
D:1:      kb_arrival_jail
D:2:      old_standard_altar, nicolae_overflow_hidden_temple,
          minmay_misc_feat_doors, corexii_hall_statues_x, uniq_sigmund,
          uniq_jessica, uniq_robin
D:3:      fiery_altar_vehumet, gup_sewer_entry_bowl
D:4:      nicolae_ru_sacrificial_ziggurat, nicolae_overflow_crystal_walls,
          solitary_fountain, uniq_eustachio
D:5:      first_bread
D:6:      zin_statuary, basic_altar
D:7:      cheibrodos_barr_body, kennysheep_mini_moat, tgw_fedhas,
          overflow_temple_1_default, trog_ov_bears_minmay,
          minmay_temple_entry_statues_pillars, basic_altar,
          chequers_guarded_unrand_ignorance
Sewer:    sewer_minmay_treatment

Skill      XL: |  1  2  3  4  5  6  7  8  9 |
---------------+----------------------------+-----
Fighting       | 4 6 7 9 10 11 | 11.6
Axes           | 4 5 6 |  6.6
Armour         | 3 4 5 6 7 |  7.7
Polearms       | 4 7 |  7.1
Shields        | 2 4 |  4.7
Dodging        | |  2.1

Action                   |  1- 3 |  4- 6 |  7- 9 || total
-------------------------+-------+-------+-------++-------
Melee: Hand axe          |    53 |   143 |    83 ||   279
       Headbutt          |     8 |    19 |    46 ||    73
       Spear             |       |       |   234 ||   234
Invok: Berserk           |     2 |     1 |     2 ||     5
  Use: Scroll            |       |       |     4 ||     4
 Stab: Sleeping          |     1 |       |       ||     1
  Eat: Bread ration      |     1 |       |     1 ||     2
       Meat ration       |       |     1 |     2 ||     3
       Chunk             |       |       |     3 ||     3
       Fruit             |       |       |     1 ||     1
Armor: Animal skin       |     1 |       |       ||     1
       Scale mail        |     5 |    61 |    78 ||   144
       Plate armour      |       |       |    45 ||    45
Dodge: Dodged            |    29 |    72 |    87 ||   188
Block: Shield            |       |     3 |   109 ||   112
